 Dungeon Crawl Stone Soup version 0.22-a0-231-g1b571ea (webtiles) character file.

8 mortelune the Chiller (level 2, 13/19 HPs)
             Began as a Demonspawn Ice Elementalist on Feb 21, 2018.
             Quit the game on level 1 of the Dungeon.
             The game lasted 00:00:50 (306 turns).

mortelune the Chiller (Demonspawn Ice Elementalist)  Turns: 306, Time: 00:00:50

Health: 13/19      AC:  2    Str:  8    XL:     2   Next: 0%
Magic:  3/5        EV: 12    Int: 16    God:
Gold:   0          SH:  0    Dex: 13    Spells: 4/5 levels left

rFire    . . .     SeeInvis .   d - +0 club
rCold    . . .     Gourm    .   (no shield)
rNeg     . . .     Faith    .   a - +0 robe
rPois    .         Spirit   .   (helmet restricted)
rElec    .         Reflect  .   (no cloak)
rCorr    .         Harm     .   (no gloves)
MR       .....                  (no boots)
Stlth    ++........             (no amulet)
HPRegen  0.06/turn              (no ring)
MPRegen  0.09/turn              (no ring)

@: no status effects
A: antennae 1
a: no special abilities


You were on level 1 of the Dungeon.
You were not hungry.

You visited 1 branch of the dungeon, and saw 1 of its levels.

Inventory:

Hand Weapons
 d - a +0 club (weapon)
Armour
 a - a +0 robe (worn)
Scrolls
 c - a scroll of identify {unknown}
Comestibles
 b - a ration


   Skills:
 + Level 2.0 Dodging
 - Level 1.7 Stealth
 + Level 2.1 Spellcasting
   Level 1.0 Conjurations
 * Level 3.0 Ice Magic


You had 4 spell levels left.
You knew the following spells:

 Your Spells              Type           Power        Failure   Level  Hunger
a - Freeze                Ice            ##..         6%          1    #......


Dungeon Overview and Level Annotations

Branches:
Dungeon (1/15)

Altars:


Innate Abilities, Weirdness & Mutations

You have a pair of small antennae on your head.


Message History

Some of the chunks of flesh in your inventory have rotted away.
Magic restored.
You start resting.
A rat is nearby!
All of the chunks of flesh in your inventory have rotted away.
You see here 18 sling bullets.
You see here 18 sling bullets.
The rat misses you.
Casting: Freeze (safe; 6% risk of failure)
Confirm with . or Enter, or press ? or * to list all spells.
Aiming: Freeze (safe; 6% risk of failure)
Press: ? - help, Shift-Dir - straight line, f - rat
Aim: a rat You freeze the rat.
You kill the rat!
You have reached level 2!
Your demonic ancestry asserts itself...
A pair of antennae grows on your head!
Unknown command.
Are you sure you want to abandon this character and quit the game? (Confirm with "yes".)

....................
.............####.......
#.........#....+.......
#.#....#..#.####......
#.##.....##.# #....#
...........#.# #....#
...###..#..#.# #....##### ..
....###.#.####........#
.......#...#.(.@†...%.# .
##........#.####.###.#+##...
.....≈....#.# #...#........
........≈...#.# ....#........
#...≈≈.≈.≈..#.##.............#
#..≈≈.≈.≈...#.##.....#...###.#
#..≈..≈.≈≈≈.#.###......#.r. .
#..≈≈≈≈≈.≈≈.#.# #....#.#.###
#..≈≈≈≈≈≈≈≈.# #... #.#.#


There were no monsters in sight!

Vanquished Creatures
  A leopard gecko (D:1)
  2 goblins (D:1)
  2 hobgoblins (D:1)
  2 rats (D:1)
7 creatures vanquished.

Notes
Turn   | Place    | Note
-------+----------+-------------------------------------------
     0 | D:1      | mortelune the Demonspawn Ice Elementalist began the quest for the Orb.
     0 | D:1      | Reached XP level 1. HP: 13/13 MP: 3/3
   261 | D:1      | Reached skill level 3 in Ice Magic
   305 | D:1      | Gained mutation: You have a pair of small antennae on your head. [demonic ancestry]
   305 | D:1      | Reached XP level 2. HP: 13/19 MP: 3/5
   306 | D:1      | Quit the game

Vault maps used:
D:1:      dpeg_arrival_more_subterranean_lakeside_camping, minmay_octomino_c4

Skill      XL: |  1 |
---------------+----+-----
Dodging        | 2 |  2.0
Ice Magic      | 3 |  3.0
Stealth        | |  1.7
Spellcasting   | |  2.1
Conjurations   | |  1.0

Action                   || total
-------------------------++-------
Melee: Club              ||     7
 Cast: Freeze            ||     9
Armor: Robe              ||     1
Dodge: Dodged            ||     8

Table legend:
 A = Spawn XP
 B = Non-spawn XP
 C = Spawn XP percentage of total XP
 D = Spawn monster count
 E = Non-spawn monster count
 F = Spawn count percentage of total count
 G = Total turns spent on level
                    A         B        C        D         E        F      G
               +---------+---------+-------+---------+---------+-------+---------
         Total |       0 |      12 |   0.0 |       0 |       7 |   0.0 |   306
               +---------+---------+-------+---------+---------+-------+---------
           D:1 |       0 |      12 |   0.0 |       0 |       7 |   0.0 |   306
               +---------+---------+-------+---------+---------+-------+---------
